 Dungeon Crawl Stone Soup version 0.30.2 (webtiles) character file.

Game seed: 1914392699850365992

2094 porpoise the Basher (level 9, -2/57 HPs)
             Began as a Gargoyle Fighter on Mar 23, 2024.
             Slain by a manticore (6 damage)
             ... on level 6 of the Dungeon.
             The game lasted 00:19:19 (7051 turns).

porpoise the Basher (Gargoyle Fighter)              Turns: 7051, Time: 00:19:19

Health: -2/57      AC: 16    Str: 22    XL:     9   Next: 27%
Magic:  9/9        EV: 10    Int:  9    God:
Gold:   278        SH:  5    Dex: 11    Spells: 8/8 levels left

rFire   . . .        a - +0 morningstar
rCold   . . .        c - +0 buckler
rNeg    + + .        y - +3 leather armour {rN+}
rPois   ∞            (no helmet)
rElec   +            u - +0 cloak
rCorr   .            q - +1 pair of gloves
SInv    .            (no boots)
Will    .....        (no amulet)
Stlth   +            (no ring)
HPRegen 0.29/turn    (no ring)
MPRegen 0.11/turn

%: no passive effects
@: mighty, hasted, very quick
A: sickness immunity, AC +6, negative energy resistance 1, electricity
resistance, torment resistance 1, petrification resistance
a: no special abilities


You were on level 6 of the Dungeon.
You visited 1 branch of the dungeon, and saw 6 of its levels.

You collected 278 gold pieces.

Inventory:

Hand Weapons
 a - a +0 morningstar (weapon)
 i - a +0 flail
Missiles
 b - 3 poisoned darts
 h - 6 boomerangs (quivered)
 k - 5 javelins
 z - 2 throwing nets
Armour
 c - a +0 buckler (worn)
 e - a +2 robe of willpower
 g - a +0 ring mail of positive energy
 q - a +1 pair of gloves (worn)
 u - a +0 cloak (worn)
 y - a +3 leather armour of positive energy (worn)
 C - +0 steam dragon scales
Jewellery
 D - a ring of ice
Wands
 p - a wand of quicksilver (12)
 s - a wand of flame (56)
Scrolls
 j - 4 scrolls of fear
 l - 9 scrolls of teleportation
 m - a scroll of brand weapon {unknown}
 o - a scroll of immolation {unknown}
 r - 2 scrolls of magic mapping
 v - a scroll of enchant armour
 x - a scroll of blinking {unknown}
 A - a scroll of poison
Potions
 d - a potion of might
 f - 5 potions of cancellation
 t - a potion of brilliance
 w - 2 potions of heal wounds {unknown}
 B - a potion of flight {unknown}
 E - a potion of magic {unknown}


   Skills:
 - Level 7.0 Fighting
 * Level 9.6 Maces & Flails
 + Level 4.9 Armour
 + Level 4.9 Shields


You had 8 spell levels left.
You didn't know any spells.
Your spell library contained the following spells:

 Spells                   Type           Power      Damage    Failure   Level
 Ensorcelled Hibernation  Hex/Ice        0%         N/A       63%         2
 Passwall                 Tmut/Erth      0%         N/A       63%         2
 Stone Arrow              Conj/Erth      0%         3d7       86%         3
 Swiftness                Air            0%         N/A       86%         3
 Animate Armour           Summ/Erth      0%         N/A       99%         4
 Lehudib's Crystal Spear  Conj/Erth      0%         10d2      100%        8


Dungeon Overview and Level Annotations

Branches:
Dungeon (6/15)
 Temple: D:4-7

Altars:
Cheibriados
Dithmenos

Annotations:
D:3 2 transporters, JoeltCo's ghost, amateur HOFi


Innate Abilities, Weirdness & Mutations

You are immune to sickness and miasma.
Your stone body is resilient. (AC +6)
You are immune to poison.
You resist negative energy. (rN+)
You are resistant to electric shocks. (rElec)
You are resistant to unholy torment.
You are immune to petrification.


Message History

You block the black bear's attack.
The black bear claws you but does no damage.
The black bear barely misses you.
You hit the black bear.
The black bear is severely wounded.
The black bear barely misses you. You block the black bear's attack.
The black bear claws you but does no damage.
You impale the black bear!!
You kill the black bear!
You start waiting.
Done waiting.
The manticore flicks its tail.
The volley of spikes misses you.
The manticore flicks its tail.
The volley of spikes hits you but does no damage.
The manticore bites you!
The manticore claws you but does no damage.
The manticore barely misses you.
You puncture the manticore!
The manticore is lightly wounded.
The manticore bites you! You block the manticore's attack. x2
You closely miss the manticore.
The manticore is lightly wounded.
The manticore bites you!! The manticore claws you!
* * * LOW HITPOINT WARNING * * *
The manticore claws you but does no damage.
You are too injured to fight recklessly!
You are too injured to fight recklessly!
You feel yourself speed up. The manticore bites you.
* * * LOW HITPOINT WARNING * * *
The manticore closely misses you. You block the manticore's attack.
You feel very mighty all of a sudden. You block the manticore's attack.
The manticore barely misses you.
The manticore claws you but does no damage.
You thump the manticore!
The manticore is moderately wounded.
The manticore bites you.
* * * LOW HITPOINT WARNING * * *
The manticore claws you.
You die...

#.##.# #...§#####...#
#....#### #.##.# ##..#
###..(..## ####D# ##...#
#..##..## ####...####.....
##.###..##
#............... #.# ##..#
#.##§####.....## #.#
##†##..##§# ##...## #..
#)#.H###†# ##.##
##.####.#@# #D## #.#
..........####..## +#.#+
##...##..........###.J.###
#... #$..###........8....
... ..### ##...###...###
.. .... #..## +#.#+ .
...## #.## #.# .... ...#
#.# ..... .... ...


You could see a manticore.

Vanquished Creatures
  Eustachio (D:5)
  4 yaks (D:6)
  A steam dragon (D:6)
  Menkaure (D:5)
  2 black bears
  Blork the orc (D:4)
  A scorpion (D:6)
  4 jellies
  A hound (D:5)
  Crazy Yiuf (D:3)
  2 orc priests
  Terence (D:2)
  2 iguanas (D:5)
  Ijyb (D:3)
  A sleepcap (D:5)
  8 orc wizards
  Natasha (thrice) (D:2)
  6 gnolls
  4 adders
  A white imp (D:6)
  A worm (D:4)
  A dart slug (D:1)
  16 orcs
  4 ball pythons
  8 endoplasms
  2 giant cockroaches
  11 goblins
  3 hobgoblins
  7 quokkas
  5 bats
  3 frilled lizards (D:2)
  8 kobolds
  4 rats
119 creatures vanquished.

Notes
Turn   | Place    | Note
-------+----------+-------------------------------------------
     0 | D:1      | porpoise the Gargoyle Fighter began the quest for the Orb.
     0 | D:1      | Reached XP level 1. HP: 14/14 MP: 1/1
   284 | D:1      | Reached XP level 2. HP: 19/19 MP: 2/2
   601 | D:1      | Reached skill level 3 in Maces & Flails
   640 | D:1      | Reached XP level 3. HP: 24/24 MP: 3/3
  1081 | D:2      | Noticed Natasha
  1089 | D:2      | Killed Natasha
  1090 | D:2      | Reached XP level 4. HP: 5/29 MP: 4/4
  1266 | D:2      | Reached skill level 4 in Maces & Flails
  1508 | D:2      | Noticed Natasha
  1514 | D:2      | Killed Natasha
  1515 | D:2      | Reached XP level 5. HP: 25/34 MP: 5/5
  1740 | D:2      | Noticed Terence
  1753 | D:2      | Killed Terence
  1988 | D:2      | Noticed Natasha
  2008 | D:2      | Killed Natasha
  2464 | D:3      | Found a transporter.
  2477 | D:3      | Noticed JoeltCo's ghost (amateur HOFi)
  2606 | D:3      | Found a transporter.
  2742 | D:3      | Found a runed translucent door.
  2743 | D:3      | Noticed Crazy Yiuf
  2877 | D:3      | Noticed Ijyb
  2894 | D:3      | Killed Ijyb
  2895 | D:3      | Reached skill level 5 in Maces & Flails
  2895 | D:3      | Reached XP level 6. HP: 20/40 MP: 6/6
  3422 | D:3      | Killed Crazy Yiuf
  3423 | D:3      | Reached skill level 5 in Fighting
  3692 | D:4      | Noticed Blork the orc
  3781 | D:4      | Killed Blork the orc
  4178 | D:4      | Reached skill level 6 in Maces & Flails
  4178 | D:4      | Reached XP level 7. HP: 22/44 MP: 7/7
  4761 | D:5      | Entered Level 5 of the Dungeon
  4761 | D:5      | Found a snail-covered altar of Cheibriados.
  4778 | D:5      | Noticed Eustachio
  4791 | D:5      | Killed Eustachio
  4792 | D:5      | Reached skill level 7 in Maces & Flails
  4891 | D:5      | Found a shadowy altar of Dithmenos.
  5287 | D:5      | Reached XP level 8. HP: 50/52 MP: 8/8
  5392 | D:5      | Noticed Menkaure
  5396 | D:5      | Killed Menkaure
  5969 | D:6      | Reached skill level 8 in Maces & Flails
  6473 | D:6      | Noticed a yak
  6473 | D:6      | Noticed a yak
  6474 | D:6      | Noticed a yak
  6475 | D:6      | Noticed a yak
  6493 | D:6      | Killed a yak
  6497 | D:6      | Killed a yak
  6498 | D:6      | Reached skill level 9 in Maces & Flails
  6504 | D:6      | Killed a yak
  6505 | D:6      | Reached XP level 9. HP: 17/57 MP: 9/9
  6916 | D:6      | Noticed a manticore
  7051 | D:6      | Slain by a manticore

Illustrated notes

Levels and vault maps discovered:
D:1:      saegor_arrival_simple_a, layout_basic
D:2:      minmay_wonky_spiral, layout_loops_ring, kennysheep_cross_room,
          grunt_ministairs_10, kennysheep_generic_room_10, uniq_terence,
          uniq_natasha
D:3:      layout_loops_ring, gammafunk_ghost_stat_death,
          uniq_crazy_yiuf_cottage, uniq_ijyb
D:4:      layout_basic, uniq_blork_the_orc
D:5:      layout_loops_corners, grunt_temple_overflow_open, uniq_menkaure,
          uniq_eustachio
D:6:      cheibrodos_barr_body, layout_rooms

Skill      XL: |  1  2  3  4  5  6  7  8 |
---------------+-------------------------+-----
Maces & Flails | 3 4 5 6 7 9 |  9.6
Fighting       | 4 5 6 7 |  7.0
Armour         | 4 |  4.9
Shields        | 4 |  4.9

Action                     |  1- 3 |  4- 6 |  7- 9 || total
---------------------------+-------+-------+-------++-------
  Melee: Flail             |    89 |   224 |    50 ||   363
         Morningstar       |       |       |   186 ||   186
  Throw: Boomerang         |       |     8 |       ||     8
         Dart              |       |     2 |       ||     2
  Evoke: Wand              |       |     3 |     5 ||     8
    Use: Scroll            |       |     6 |     3 ||     9
         Potion            |       |     2 |     3 ||     5
 Armour: Scale mail        |    34 |   109 |       ||   143
         Ring mail         |       |    27 |    59 ||    86
         Leather armour    |       |       |   107 ||   107
  Dodge: Dodged            |    34 |   103 |    89 ||   226
  Block: Buckler           |    15 |    54 |    49 ||   118
